 Dungeon Crawl Stone Soup version 0.31-a0-692-gf03d1854d5 (webtiles) character file.

Game seed: 107581883561410429

2764 qw the Skirmisher (level 9, -8/62 HPs)
             Began as a Gargoyle Hunter on Sept 6, 2023.
             Was an Initiate of Okawaru.
             Mangled by a two-headed ogre
             ... wielding a +0 giant club
              (16 damage)
             ... on level 8 of the Dungeon.
             The game lasted 00:02:34 (6537 turns).

qw the Skirmisher (Gargoyle Hunter)                 Turns: 6537, Time: 00:02:34

Health: -8/62      AC: 19    Str: 14    XL:     9   Next: 69%
Magic:  9/9        EV: 12    Int:  9    God:    Okawaru [......]
Gold:   400        SH:  0    Dex: 17    Spells: 8/8 levels left

rFire   . . .        a - +0 arbalest
rCold   . . .        (shield currently unavailable)
rNeg    + . .        d - +0 ring mail
rPois   inf          (no helmet)
rElec   +            (no cloak)
rCorr   .            f - +1 pair of gloves
SInv    .            e - +2 pair of boots
Will    .....        (no amulet)
Stlth   +            (no ring)
HPRegen 0.30/turn    (no ring)
MPRegen 0.11/turn

%: no passive effects
@: about to teleport
A: sickness immunity, AC +6, negative energy resistance 1, electricity
resistance, torment resistance 1, petrification resistance, iridescent scales 1,
dopey 1, sense surroundings 1, robust 1
a: Renounce Religion


You were on level 8 of the Dungeon.
You worshipped Okawaru.
Okawaru was noncommittal.
You visited 2 branches of the dungeon, and saw 9 of its levels.

You collected 400 gold pieces.


Innate Abilities, Weirdness & Mutations

You are immune to sickness and miasma.
Your stone body is resilient. (AC +6)
You are immune to poison.
You resist negative energy. (rN+)
You are resistant to electric shocks. (rElec)
You are resistant to unholy torment.
You are immune to petrification.
You are partially covered in iridescent scales. (AC +2)
You are dopey. (Int -2)
You passively map a small area around you.
You are robust. (+10% HP)


   Skills:
 + Level 7.3 Fighting
 - Level 11.1 Ranged Weapons
 - Level 3.1 Armour
 - Level 3.0 Dodging
 - Level 1.1 Stealth


You had 8 spell levels left.
You didn't know any spells.
Your spell library was empty.

Inventory:

Hand Weapons
 a - a +0 arbalest (weapon)
Armour
 d - a +0 ring mail (worn)
 e - a +2 pair of boots (worn)
 f - a +1 pair of gloves (worn)
Scrolls
 k - 5 scrolls of identify
 m - 2 scrolls of teleportation
Potions
 c - 2 potions of haste
 g - 2 potions of might
 i - 3 potions of curing

Dungeon Overview and Level Annotations

Branches:
Dungeon (8/15)             Temple (1/1) D:6
   Lair: D:8-11

Altars:
Ashenzari
Cheibriados
Dithmenos
Elyvilon
Fedhas
Gozag
Hepliaklqana
Kikubaaqudgha
Makhleb
Nemelex Xobeh
Okawaru
Qazlal
Ru
Sif Muna
Uskayaw
Vehumet
Xom
Yredelemnul
Zin
The Shining One

Annotations:
D:7 2 transporters


Message History

Partly explored, unvisited transporter.
6504 ||| DROPPING amulet of guardian spirit.
You drop an amulet of guardian spirit.
Partly explored, unvisited transporter.
What level of the Dungeon? (default 7, ? - help)
There is a stone staircase leading down here.
You climb downwards.
There is a stone staircase leading up here.
Waypoint 8 assigned to D:8.
A two-headed ogre comes into view.
It is wielding a +0 giant club and a +0 giant spiked club.
The two-headed ogre shouts in stereo!
You shoot a bolt. The bolt hits the two-headed ogre!
The two-headed ogre is lightly wounded.
You shoot a bolt. The bolt hits the two-headed ogre!!
The two-headed ogre is heavily wounded.
The two-headed ogre closely misses you. x2
You shoot a bolt. The bolt hits the two-headed ogre!
The two-headed ogre is severely wounded.
The two-headed ogre misses you.
The two-headed ogre hits you with a +0 giant spiked club!!
You shoot a bolt. The bolt hits the two-headed ogre!
The two-headed ogre is almost dead.
The two-headed ogre hits you with a +0 giant club!
The two-headed ogre misses you.
You shoot a bolt. The bolt hits the two-headed ogre.
The two-headed ogre is almost dead.
The two-headed ogre barely misses you.
The two-headed ogre hits you with a +0 giant spiked club!
You shoot a bolt.
The bolt closely misses the two-headed ogre.
The two-headed ogre hits you with a +0 giant club.
The two-headed ogre hits you with a +0 giant spiked club!
6536 ||| READING 3 scrolls of teleportation.
As you read the scroll of teleportation, it crumbles to dust.
You feel strangely unstable.
The two-headed ogre hits you but does no damage. x2
You shoot a bolt. The bolt hits the two-headed ogre.
The two-headed ogre is almost dead.
The two-headed ogre hits you with a +0 giant club!
You die...

* , * , , * ####
, ,* ***....#*
,....# *,,
,##########.....#
,
#<.......#.....#
,#........O......
* #.######@#,, ,
, #.######.# , ,
,#........#,, ,
,* * * ##########
, , ,, , * * * ,
,, , , *,* * * *
, , , * * *,


You could see a two-headed ogre.

Vanquished Creatures
  A steam dragon (D:6)
  4 vampire mosquitoes (D:7)
  A water moccasin (D:7)
  2 orc warriors (D:7)
  2 sky beasts
  A black bear (D:7)
  2 centaurs (D:6)
  A bullfrog (D:5)
  5 scorpions
  3 wights (D:7)
  4 hounds
  2 orc priests
  4 jellies
  3 sleepcaps
  3 iguanas
  5 orc wizards
  5 adders
  7 gnolls
  A shadow imp (D:7)
  3 white imps
  An ufetubus (D:3)
  3 worms
  2 dart slugs
  27 orcs
  3 bats
  16 endoplasms
  5 giant cockroaches
  7 goblins
  5 hobgoblins
  4 jackals (D:5)
  2 quokkas
  5 ball pythons
  3 frilled lizards
  13 kobolds
  6 rats
161 creatures vanquished.

Vanquished Creatures (others)
  A phantom (D:6)
1 creature vanquished.

Grand Total: 162 creatures vanquished

Notes
Turn   | Place    | Note
-------+----------+-------------------------------------------
     0 | D:1      | qw the Gargoyle Hunter began the quest for the Orb.
     0 | D:1      | Reached XP level 1. HP: 12/12 MP: 1/1
     0 | D:1      | 0 ||| qw: Version: 0.3-a-76-g4403597
     0 | D:1      | 0 ||| qw: Game counter: 303
     0 | D:1      | 0 ||| qw: Melee chars always use a shield: true
     0 | D:1      | 0 ||| qw: God list: Okawaru
     0 | D:1      | 0 ||| qw: Allow faded altars: false
     0 | D:1      | 0 ||| qw: Do Orc after clearing Dungeon:15 true
     0 | D:1      | 0 ||| qw: Do second Lair branch before Depths: true
     0 | D:1      | 0 ||| qw: Lair rune preference: random
     0 | D:1      | 0 ||| qw: Goals: Normal
     0 | D:1      | 0 ||| PLANNING D:1-11
   130 | D:1      | Reached XP level 2. HP: 17/17 MP: 2/2
   603 | D:1      | 603 ||| UPGRADING to +0 ring mail.
   613 | D:1      | 613 ||| DROPPING +0 leather armour.
   614 | D:1      | 614 ||| UPGRADING to +2 pair of boots.
   619 | D:1      | 619 ||| READING scroll labelled RODIN WODWAE.
   620 | D:1      | 620 ||| READING scroll labelled NEEMYO FAOSASK.
   621 | D:1      | 621 ||| DRINKING 2 purple potions.
   622 | D:1      | 622 ||| DROPPING scroll of butterflies.
   655 | D:2      | Reached XP level 3. HP: 21/21 MP: 3/3
   677 | D:2      | Reached skill level 1 in Armour
   750 | D:2      | Reached skill level 5 in Ranged Weapons
   859 | D:2      | HP: 5/22 [kobold/+0 short sword (3)]
   864 | D:2      | HP: 4/22 [kobold/+0 club (3)]
   976 | D:2      | Reached skill level 3 in Fighting
   976 | D:2      | Reached XP level 4. HP: 28/28 MP: 4/4
   992 | D:2      | Reached XP level 5. HP: 22/32 MP: 5/5
   997 | D:2      | HP: 4/32 [frozen (5)]
  1393 | D:2      | 1393 ||| READING scroll labelled ZIHAIM ODGHAUSK.
  1394 | D:2      | 1394 ||| DRINKING 2 fizzy orange potions.
  1395 | D:2      | 1395 ||| DROPPING potion of degeneration.
  1399 | D:2      | 1399 ||| FLEEEEING.
  1404 | D:2      | 1404 ||| STAIRDANCE
  1473 | D:2      | Reached skill level 6 in Ranged Weapons
  2035 | D:3      | Found a faded altar of an unknown god.
  2279 | D:3      | Reached XP level 6. HP: 28/38 MP: 6/6
  2347 | D:3      | Noticed a sky beast
  2367 | D:3      | Killed a sky beast
  2568 | D:3      | 2568 ||| READING scroll labelled COBRAI ISOSTRA.
  2569 | D:3      | 2569 ||| READING scroll labelled JATSEYSTUW.
  2608 | D:4      | Reached skill level 7 in Ranged Weapons
  2812 | D:4      | Reached XP level 7. HP: 43/43 MP: 7/7
  3085 | D:4      | Reached skill level 8 in Ranged Weapons
  3187 | D:4      | Found a shimmering blue altar of Sif Muna.
  3190 | D:4      | 3190 ||| RETREATING.
  3203 | D:4      | 3203 ||| FLEEEEING.
  3633 | D:4      | 3633 ||| READING 3 scrolls labelled DIRCHE UWNUSOGE.
  3638 | D:4      | 3638 ||| READING scroll labelled GAIMUE ZUDWEU.
  3639 | D:4      | 3639 ||| DRINKING 3 fizzy puce potions.
  3640 | D:4      | 3640 ||| DRINKING 2 smoky clear potions.
  3744 | D:4      | 3744 ||| DRINKING 2 golden potions.
  3745 | D:4      | 3745 ||| DRINKING 2 clear potions.
  3746 | D:4      | 3746 ||| DROPPING potion of berserk rage.
  3747 | D:4      | 3747 ||| DROPPING potion of invisibility.
  3751 | D:5      | Entered Level 5 of the Dungeon
  3970 | D:5      | Reached XP level 8. HP: 40/49 MP: 8/8
  4319 | D:5      | 4319 ||| UPGRADING to +0 pair of gloves.
  4324 | D:5      | 4324 ||| DRINKING 2 brown potions.
  4324 | D:5      | Gained mutation: You do not regenerate when monsters are
                  | visible. [potion of mutation]
  4325 | D:5      | 4325 ||| DRINKING potion of mutation.
  4325 | D:5      | Lost mutation: You do not regenerate when monsters are
                  | visible. [potion of mutation]
  4325 | D:5      | Gained mutation: You are dopey. (Int -2) [potion of
                  | mutation]
  4325 | D:5      | Gained mutation: You are partially covered in iridescent
                  | scales. (AC +2) [potion of mutation]
  4325 | D:5      | Gained mutation: You are robust. (+10% HP) [potion of
                  | mutation]
  4325 | D:5      | Gained mutation: You passively map a small area around you.
                  | [potion of mutation]
  4338 | D:5      | 4338 ||| READING 4 scrolls of identify.
  4338 | D:5      | 4338 ||| IDENTIFYING metallic puce potion
  4339 | D:5      | 4339 ||| READING 3 scrolls of identify.
  4339 | D:5      | 4339 ||| IDENTIFYING fuming orange potion
  4340 | D:5      | 4340 ||| DROPPING potion of lignification.
  4366 | D:6      | 4366 ||| STAIRDANCE
  4444 | D:6      | 4444 ||| STAIRDANCE
  4518 | D:6      | 4518 ||| STAIRDANCE
  4523 | D:5      | HP: 10/53 [acid (12)]
  4524 | D:5      | 4524 ||| READING 3 scrolls of teleportation.
  4525 | D:5      | 4525 ||| DRINKING potion of heal wounds.
  4641 | D:6      | Reached skill level 9 in Ranged Weapons
  4644 | D:6      | 4644 ||| STAIRDANCE
  4674 | D:6      | Reached skill level 6 in Fighting
  4680 | D:6      | 4680 ||| SWAPPING to +0 orcbow.
  4681 | D:6      | 4681 ||| DROPPING +0 heavy shortbow.
  4701 | D:6      | Found a staircase to the Ecumenical Temple.
  4702 | D:6      | 4702 ||| PLANNING TEMPLE
  4713 | D:6      | HP: 13/56 [steam dragon/ball of steam (13)]
  4714 | D:6      | 4714 ||| READING 2 scrolls of teleportation.
  4900 | Temple   | Entered the Ecumenical Temple
  4901 | Temple   | 4901 ||| PLANNING D:1-11
  5002 | D:6      | 5002 ||| READING scroll of enchant armour.
  5002 | D:6      | 5002 ||| ENCHANTING +0 pair of gloves.
  5070 | D:6      | 5070 ||| Stepping ~*~*~tactically~*~*~ (cloud).
  5234 | D:6      | Reached skill level 10 in Ranged Weapons
  5289 | D:6      | Identified the +6 hand axe "String" {holy, Dex+5}
  5452 | D:6      | 5452 ||| UPGRADING to amulet of guardian spirit.
  5457 | D:6      | 5457 ||| READING scroll labelled MOM NOCKYF QAO.
  5495 | D:6      | 5495 ||| READING scroll labelled KUMIV IMOTT.
  5522 | D:7      | Reached skill level 3 in Armour
  5522 | D:7      | Reached XP level 9. HP: 52/60 MP: 7/9
  5522 | D:7      | 5522 ||| STAIRDANCE
  5723 | D:7      | Found a transporter.
  5728 | D:7      | 5728 ||| SWAPPING to +0 arbalest.
  5729 | D:7      | 5729 ||| DROPPING +0 orcbow.
  5732 | D:7      | Found a transporter.
  5747 | D:7      | Found an iron altar of Okawaru.
  5747 | D:7      | Found a hide-covered altar of Uskayaw.
  5747 | D:7      | Found a basalt altar of Yredelemnul.
  5748 | D:7      | 5748 ||| PLANNING OKAWARU WORSHIP
  5748 | D:7      | Found a stormy altar of Qazlal.
  5748 | D:7      | Found an opulent altar of Gozag.
  5750 | D:7      | 5750 ||| RETREATING.
  5756 | D:7      | 5756 ||| Stepping ~*~*~tactically~*~*~ (retreating).
  5757 | D:7      | 5757 ||| Stepping ~*~*~tactically~*~*~ (retreating).
  5912 | D:7      | Became a worshipper of Warmaster Okawaru
  5913 | D:7      | 5913 ||| PLANNING D:1-11
  5913 | D:7      | 5913 ||| REMOVING amulet of guardian spirit.
  5946 | D:7      | 5946 ||| RETREATING.
  5970 | D:7      | Reached skill level 11 in Ranged Weapons
  6014 | D:7      | Reached skill level 3 in Dodging
  6327 | D:7      | 6327 ||| Stepping ~*~*~tactically~*~*~ (outnumbered).
  6504 | D:7      | 6504 ||| DROPPING amulet of guardian spirit.
  6529 | D:8      | Noticed a two-headed ogre
  6535 | D:8      | HP: 8/62 [two-headed ogre/+0 giant club (11)]
  6536 | D:8      | 6536 ||| READING 3 scrolls of teleportation.
  6537 | D:8      | Mangled by a two-headed ogre

Levels and vault maps discovered:
D:1:      elethiomel_arrival_shortcut, layout_loops_ring
D:2:      cheibrodos_fertilizer, layout_loops_cross, grunt_decor_clamped,
          nicolae_elevator_lobby_plus
D:3:      layout_basic, hellmonk_ecumenical_altar_zigzags
D:4:      layout_loops_corners, mainiacjoe_overflow_small_starburst
D:5:      layout_cave_pools, minmay_circle_x
D:6:      layout_cave_pools, temple_statues
D:7:      gammafunk_steamed_eel, layout_rooms, grunt_temple_overflow_open
D:8:      layout_basic, trog_ov_bears_minmay, serial_corexii_hall,
          chequers_hall_statues_corner_a, corexii_hall_statues_s,
          corexii_hall_statues_x, corexii_hall_statues_i, wad_dig_loot,
          uniq_pikel
Temple:   dpeg_chambers_temple

Skill      XL: |  1  2  3  4  5  6  7  8  9 |
---------------+----------------------------+-----
Armour         | 1 2 3 |  3.1
Ranged Weapons | 5 6 7 8 10 11 | 11.1
Fighting       | 3 4 5 6 7 |  7.3
Dodging        | 2 3 |  3.0
Stealth        | |  1.1

Action                     |  1- 3 |  4- 6 |  7- 9 || total
---------------------------+-------+-------+-------++-------
   Fire: Shortbow          |   124 |   141 |   152 ||   417
         Orcbow            |       |       |    96 ||    96
         Arbalest          |       |       |   106 ||   106
    Use: Scroll            |     2 |     3 |    10 ||    15
         Potion            |     1 |     1 |     7 ||     9
 Armour: Leather armour    |    15 |       |       ||    15
         Ring mail         |    50 |    68 |   282 ||   400
  Dodge: Dodged            |    54 |    44 |   180 ||   278

Table legend:
 A = Non-vault XP
 B = Vault XP
 C = Vault XP percentage of total XP
 D = Non-vault monster count
 E = Vault monster count
 F = Vault count percentage of total count
                 A         B        C        D         E       F
            +---------+---------+-------+---------+---------+-------
      Total |    3735 |     214 |   5.4 |     139 |      23 |  14.2
            +---------+---------+-------+---------+---------+-------
        D:1 |      33 |       0 |   0.0 |      19 |       0 |   0.0
        D:2 |      65 |     151 |  69.9 |      22 |      19 |  46.3
        D:3 |     275 |       0 |   0.0 |      15 |       0 |   0.0
        D:4 |     498 |       0 |   0.0 |      30 |       0 |   0.0
        D:5 |     494 |      63 |  11.3 |      18 |       4 |  18.2
        D:6 |     678 |       0 |   0.0 |      10 |       0 |   0.0
        D:7 |    1692 |       0 |   0.0 |      25 |       0 |   0.0
            +---------+---------+-------+---------+---------+-------
